 Dungeon Crawl Stone Soup version 0.29.1-2-gbd0b4ee654 (webtiles) character file.

Game seed: 4629345530833292503

2560 safid the Skirmisher (level 9, -3/81 HPs)
             Began as a Minotaur Hunter on Nov 7, 2022.
             Was a Believer of Okawaru.
             Slain by a kobold brigand
             ... wielding a +0 war axe
              (13 damage)
             ... in a bailey.
             The game lasted 00:11:37 (5348 turns).

safid the Skirmisher (Minotaur Hunter)              Turns: 5348, Time: 00:11:39

Health: -3/81      AC:  3    Str: 15    XL:     9   Next: 31%
Magic:  8/8        EV: 12    Int:  6    God:    Okawaru [**....]
Gold:   272        SH:  0    Dex: 19    Spells: 8/8 levels left

rFire   . . .      SeeInvis .   a - +0 shortbow
rCold   . . .      Faith    .   (shield currently unavailable)
rNeg    . . .      Spirit   .   c - +0 leather armour
rPois   .          Reflect  .   (helmet restricted)
rElec   .          Harm     .   (no cloak)
rCorr   .          Rampage  .   (no gloves)
Will    .....                   (no boots)
Stlth   ++........              q - amulet of regeneration
HPRegen 1.03/turn               (no ring)
MPRegen 0.11/turn               (no ring)

@: brilliant, lethally poisoned (-3 -> -7)
A: horns 2, retaliatory headbutt
a: Renounce Religion, Heroism


You were in a bailey.
You worshipped Okawaru.
Okawaru was pleased with you.
You visited 2 branches of the dungeon, and saw 8 of its levels.
You also visited: Bailey.

You collected 272 gold pieces.

Inventory:

Hand Weapons
 a - a +0 shortbow (weapon)
Missiles
 m - 10 curare-tipped darts
Armour
 c - a +0 leather armour (worn)
Jewellery
 l - the amulet "Mirrin" {Spirit Str-4 Int+6 Dex+3}
   (You took it off a kobold on level 2 of the Dungeon)

   [amulet of guardian spirit]

   It causes incoming damage to be divided between your reserves of health and
   magic.
   Str:       It affects your strength (-4).
   Int:       It affects your intelligence (+6).
   Dex:       It affects your dexterity (+3).
 q - an amulet of regeneration (around neck)
Wands
 k - a wand of flame (35)
 u - a wand of light (7)
Scrolls
 b - a scroll of immolation
 e - 4 scrolls of identify
 g - 2 scrolls of enchant weapon {unknown}
 i - 4 scrolls of teleportation {unknown}
 j - a scroll of magic mapping
 o - 2 scrolls of acquirement {unknown}
 p - 2 scrolls of noise {unknown}
 t - a scroll of brand weapon {unknown}
Potions
 d - 4 potions of curing {unknown}
 f - a potion of invisibility {unknown}
 h - 3 potions of brilliance
 n - a potion of berserk rage {unknown}
 r - a potion of mutation {unknown}
 s - 2 potions of degeneration {unknown}
Miscellaneous
 v - a phial of floods


   Skills:
 - Level 8.0 Fighting
 + Level 12.7 Ranged Weapons
 - Level 2.1 Dodging
 - Level 0.7 Stealth


You had 8 spell levels left.
You didn't know any spells.
Your spell library contained the following spells:

 Spells                   Type           Power      Damage    Failure   Level
 Blink                    Tloc           0%         N/A       67%         2
 Gell's Gravitas          Tloc           0%         N/A       88%         3
 Lesser Beckoning         Tloc           0%         N/A       88%         3
 Teleport Other           Tloc           0%         N/A       88%         3
 Fireball                 Conj/Fire      0%         3d3       100%        5
 Manifold Assault         Tloc           0%         N/A       100%        5
 Dispersal                Tloc           0%         N/A       100%        6


Dungeon Overview and Level Annotations

Branches:
Dungeon (7/15)             Temple (1/1) D:5          Bailey (1/1)

Altars:
Cheibriados
Fedhas
Kikubaaqudgha
Makhleb
Okawaru
Sif Muna
Trog
Wu Jian
Xom
Zin
The Shining One
Jiyva

Shops:
D:3 [

Annotations:
D:7 1 transporter


Innate Abilities, Weirdness & Mutations

You have a pair of horns on your head.
You reflexively headbutt those who attack you in melee.


Message History

The kobold brigand throws a poisoned dart.
The poisoned dart hits you!
You are more poisoned.
The kobold brigand throws a poisoned dart.
The poisoned dart hits you.
You are more poisoned.
You shoot an arrow. The arrow hits the kobold brigand.
The kobold brigand is heavily wounded.
You feel extremely sick.
You shoot an arrow. The arrow misses the kobold brigand.
You feel very sick.
Unknown command.
You shoot an arrow. The arrow hits the kobold brigand.
The kobold brigand is heavily wounded.
You feel very sick.
The kobold brigand hits you with a +0 war axe!
Unknown command.
You are too injured to fight recklessly!
Unknown command.
You are too injured to fight recklessly!
Unknown command.
You are too injured to fight recklessly!
Fire: a) +0 shortbow
Press: ? - help, Q - select action, (/) - cycle Shift-Dir - straight line, f/p - kobold brigand
Aim: a kobold brigand, wielding a +0 war axe and quivering poisoned darts (heavily wounded, 65% to hit)
You shoot an arrow. The arrow hits the kobold brigand!
The kobold brigand is almost dead.
You feel very sick.
The kobold brigand completely misses you.
The kobold brigand hits you with a +0 war axe. x2
* * * LOW HITPOINT WARNING * * *
Unknown command.
It was a potion of brilliance.
You feel clever all of a sudden.
You feel very sick. The kobold brigand misses you.
The kobold brigand hits you with a +0 war axe!
* * * LOW HITPOINT WARNING * * *
The kobold brigand hits you with a +0 war axe!
You die...

#...# #.)(#
####.).####
##~.((..(.~##
#####~~...)..(~~#####
#....~~......(~~....#
#.###~(.......~~###.#
#....~~.......~~....#
#.###~~...@K..~~###.#
#....~~..KK...~~....#
#.###~~.......~~###.#
#....~~.......~~....#
#.###~~.......~~###.#
#....~~.......~~....#
#####~~...)...~~#####
##~.......~##
####'''####


You could see 3 kobold brigands.

Vanquished Creatures
  Pikel (D:4)
  Sigmund (D:6)
  Duvessa (D:5)
  An ice beast (D:6)
  A black bear (D:6)
  A sky beast (D:6)
  2 orc warriors (Bailey)
  An ogre (D:6)
  A phantom (D:5)
  3 kobold brigands (Bailey)
  2 necrophages (D:6)
  2 scorpions
  Dowan (D:5)
  2 hounds (D:5)
  4 jellies
  An orc priest (D:5)
  5 iguanas
  Natasha (D:3)
  3 orc wizards
  7 adders
  7 gnolls
  A white imp (D:5)
  3 dart slugs
  18 orcs
  9 ball pythons
  7 bats
  10 endoplasms
  4 giant cockroaches
  10 goblins
  10 hobgoblins
  8 jackals
  17 kobolds
  5 quokkas
  2 frilled lizards
  5 rats
157 creatures vanquished.

Vanquished Creatures (others)
  16 plants (D:4)
16 creatures vanquished.

Grand Total: 173 creatures vanquished

Notes
Turn   | Place    | Note
-------+----------+-------------------------------------------
     0 | D:1      | safid the Minotaur Hunter began the quest for the Orb.
     0 | D:1      | Reached XP level 1. HP: 18/18 MP: 0/0
    73 | D:1      | Reached XP level 2. HP: 17/25 MP: 1/1
   297 | D:1      | Reached skill level 5 in Ranged Weapons
   297 | D:1      | Reached XP level 3. HP: 28/31 MP: 2/2
   794 | D:2      | Found a faded altar of an unknown god.
   798 | D:2      | Identified the amulet "Mirrin" {Spirit Str-4 Int+6 Dex+3}
  1071 | D:2      | Got the Reference Book on the Searing Voyage
  1109 | D:2      | Reached XP level 4. HP: 40/40 MP: 3/3
  1874 | D:3      | Found Xyeleoky's Antique Armour Shoppe.
  1957 | D:3      | Reached XP level 5. HP: 47/47 MP: 4/4
  2470 | D:4      | Noticed a lemure
  2470 | D:4      | Noticed a lemure
  2650 | D:4      | Reached skill level 5 in Fighting
  2660 | D:4      | Reached skill level 6 in Ranged Weapons
  2723 | D:4      | Noticed a lemure
  2727 | D:4      | Noticed Pikel
  2782 | D:4      | Noticed Natasha
  2795 | D:3      | Killed Natasha
  3041 | D:4      | Reached XP level 6. HP: 50/56 MP: 5/5
  3127 | D:4      | Killed Pikel
  3128 | D:4      | Reached skill level 7 in Ranged Weapons
  3128 | D:4      | Reached XP level 7. HP: 66/66 MP: 6/6
  3499 | D:5      | Entered Level 5 of the Dungeon
  3504 | D:5      | Reached skill level 8 in Ranged Weapons
  3662 | D:5      | Noticed Dowan
  3663 | D:5      | Noticed Duvessa
  3677 | D:5      | Killed Duvessa
  3678 | D:5      | Reached XP level 8. HP: 46/74 MP: 7/7
  3683 | D:5      | Killed Dowan
  3685 | D:5      | Reached skill level 9 in Ranged Weapons
  3921 | D:5      | Found a staircase to the Ecumenical Temple.
  3930 | Temple   | Entered the Ecumenical Temple
  4075 | Temple   | Became a worshipper of Warmaster Okawaru
  4532 | D:6      | Reached skill level 10 in Ranged Weapons
  4605 | D:6      | Noticed Sigmund
  4611 | D:6      | Killed Sigmund
  4612 | D:6      | Reached skill level 11 in Ranged Weapons
  4631 | D:6      | Reached * piety under Okawaru
  4694 | D:6      | Reached XP level 9. HP: 71/80 MP: 8/8
  5020 | D:7      | Reached skill level 12 in Ranged Weapons
  5037 | D:7      | Found a transporter.
  5052 | D:7      | Found a flagged portal.
  5059 | Bailey   | Entered a bailey
  5302 | Bailey   | Reached ** piety under Okawaru
  5348 | Bailey   | Slain by a kobold brigand

Illustrated notes

Levels and vault maps discovered:
D:1:      saegor_arrival_fortress, layout_basic, minmay_box_of_dots
D:2:      layout_basic, hellmonk_ecumenical_altar_pennies_from_heaven,
          minmay_crystal_water, st_stairs_9
D:3:      layout_loops_ring, serial_shops, nicolae_shop_crystal
D:4:      layout_loops_corners, nicolae_grassy_gnolls, uniq_natasha, uniq_pikel
D:5:      layout_basic, minmay_temple_entry_mist,
          nicolae_concentric_dashed_squares_mild,
          hangedman_abyss_or_decor_lesser_grid, uniq_duvessa
D:6:      layout_rooms, uniq_sigmund
D:7:      layout_loops_corners, nicolae_overflow_hallway_of_the_gods,
          enter_bailey_2, gammafunk_ghost_stat_death
Temple:   pf_slime_end_temple
Bailey:   bailey_axe_3, bailey

Skill      XL: |  1  2  3  4  5  6  7  8  9 |
---------------+----------------------------+-----
Fighting       | 3 4 5 7 8 |  8.0
Ranged Weapons | 5 6 7 8 11 12 | 12.7
Dodging        | |  2.1
Stealth        | |  0.7

Action                   |  1- 3 |  4- 6 |  7- 9 || total
-------------------------+-------+-------+-------++-------
 Fire: Shortbow          |   107 |   113 |   314 ||   534
Throw: Dart              |       |     2 |       ||     2
  Use: Scroll            |       |       |     2 ||     2
       Potion            |       |       |     1 ||     1
Armor: Leather armour    |     8 |    16 |    21 ||    45
Dodge: Dodged            |    31 |    40 |    66 ||   137
